 Dungeon Crawl Stone Soup version 0.25.1-1-g288607f (webtiles) character file.

Game seed: 18154600960335339102

52 Golfball the Ruffian (level 3, -1/33 HPs)
             Began as a Ghoul Monk on July 24, 2020.
             Slain by an orc wizard
             ... wielding a +0 dagger
              (3 damage)
             ... on level 3 of the Dungeon.
             The game lasted 00:03:27 (1443 turns).

Golfball the Ruffian (Ghoul Monk)                   Turns: 1443, Time: 00:03:27

Health: -1/33      AC:  2    Str: 14    XL:     3   Next: 85%
Magic:  2/2        EV: 12    Int:  6    God:
Gold:   55         SH:  0    Dex: 11    Spells: 2/2 levels left

rFire    . . .     SeeInvis .     - Unarmed
rCold    + . .     Gourm    .   (no shield)
rNeg     + + +     Faith    .   k - +0 robe
rPois    ∞         Spirit   .   (no helmet)
rElec    .         Reflect  .   (no cloak)
rCorr    .         Harm     .   (no gloves)
MR       .....                  (no boots)
Stlth    ++........             (no amulet)
HPRegen  0.00/turn              (no ring)
MPRegen  0.08/turn              (no ring)

@: rotting, slowed, very slow
A: rotting body, claws 1, carnivore, cold resistance 1, negative energy
resistance 3, inhibited regeneration, torment resistance, unbreathing
a: no special abilities


You were on level 3 of the Dungeon.
You were not hungry.

You visited 1 branch of the dungeon, and saw 3 of its levels.

You collected 55 gold pieces.

Inventory:

Hand Weapons
 a - a +0 mace
Missiles
 d - 63 stones
 g - 17 sling bullets
 n - 6 atropa-tipped darts (quivered)
Armour
 k - a +0 robe (worn)
Scrolls
 c - 3 scrolls of identify {unknown}
 h - a scroll of blinking {unknown}
 i - a scroll of remove curse {unknown}
 l - a scroll of immolation {unknown}
 m - a scroll of magic mapping {unknown}
Potions
 e - 4 potions of stabbing {unknown}
 f - 2 potions of curing {unknown}
Comestibles
 b - 2 rations
 j - 8 chunks of flesh


   Skills:
 + Level 4.3 Fighting
 - Level 2.6 Dodging
 - Level 2.1 Stealth
 + Level 4.3 Unarmed Combat


You had 2 spell levels left.
You didn't know any spells.
Your spell library contained the following spells:

 Spells                   Type           Power        Failure   Level  Hunger
 Animate Skeleton         Necr           N/A          45%         1    ##.....
 Apportation              Tloc           #.....       45%         1    ##.....
 Corona                   Hex            #......      45%         1    ##.....
 Summon Small Mammal      Summ           #...         45%         1    ##.....


Dungeon Overview and Level Annotations

Branches:
Dungeon (2/15)

Altars:


Innate Abilities, Weirdness & Mutations

Your body is rotting away.
You thrive on raw meat.
You are immune to poison.
You have sharp fingernails.
You are carnivorous and can eat meat at any time.
Your flesh is cold resistant. (rC+)
You are immune to negative energy. (rN+++)
You do not regenerate when monsters are visible.
You are immune to unholy pain and torment.
You can survive without breathing.


Message History

The orc wizard hits you with a +0 dagger.
The orc wizard closely misses you.
The orc wizard casts a spell.
The orc wizard blinks!
You scratch the orc wizard.
The orc wizard is severely wounded.
The orc wizard hits you but does no damage. x2
You miss the orc wizard.
The orc wizard is severely wounded.
The orc wizard gestures wildly while chanting.
The orc wizard blinks!
The orc wizard gestures at you while chanting.
The magic dart hits you!
* * * LOW HITPOINT WARNING * * *
The orc wizard hits you with a +0 dagger.
* * * LOW HITPOINT WARNING * * *
You scratch the orc wizard but do no damage.
The orc wizard is severely wounded.
The orc wizard hits you with a +0 dagger.
You die...

...........)...
#.........#####
+.............. ##
#....##........ #..
#.... #........ #...
#... #........
#....####### #÷#######
#..........# #.# .
#.....o@...# #.# ...
#..........####.##.....
#.........).)........#
#.....#########.##...#
#####. #.# ..# #. ..#
.# . ... # . .(#. .. ..


You could see an orc wizard (fast).

Vanquished Creatures
  2 adders
  2 dart slugs (D:1)
  A leopard gecko (D:1)
  2 orcs (D:3)
  2 hobgoblins
  5 jackals (D:2)
  2 bats (D:1)
  4 kobolds
  8 rats
28 creatures vanquished.

Notes
Turn   | Place    | Note
-------+----------+-------------------------------------------
     0 | D:1      | Golfball the Ghoul Monk began the quest for the Orb.
     0 | D:1      | Reached XP level 1. HP: 19/19 MP: 0/0
   227 | D:1      | Reached XP level 2. HP: 26/26 MP: 1/1
  1090 | D:2      | Reached XP level 3. HP: 24/33 MP: 2/2
  1407 | D:2      | You fall into a shaft and drop 1 floor!
  1443 | D:3      | Slain by an orc wizard

Illustrated notes

Levels and vault maps discovered:
D:1:      dpeg_arrival_prison, layout_basic, serial_forest,
          infiniplex_forest_straight_5, infiniplex_forest_clump_small,
          infiniplex_forest_straight_2, infiniplex_forest_lined_2,
          infiniplex_forest_end_1, infiniplex_forest_straight_2,
          infiniplex_forest_lined_3, st_stairs_12
D:2:      layout_basic, nicolae_overflow_hidden_temple
D:3:      layout_basic, cheibriados_altar_1, minmay_starry_boxes

Skill      XL: |  1  2 |
---------------+-------+-----
Fighting       | 4 |  4.3
Unarmed Combat | 4 |  4.3
Dodging        | |  2.6
Stealth        | |  2.1

Action                   || total
-------------------------++-------
Melee: Unarmed           ||    87
Throw: Dart              ||     1
 Stab: Sleeping          ||     1
  Eat: Chunk             ||     5
Armor: Robe              ||    12
Dodge: Dodged            ||    53
